 Dungeon Crawl Stone Soup version 0.30.1-4-g462c640d31 (webtiles) character file.

Game seed: 1657866672709442001

681 Peloso the Covered (level 7, 0/61 HPs)
             Began as a Minotaur Fighter on Aug 10, 2023.
             Succumbed to Eustachio's poison
             ... on level 4 of the Dungeon.
             The game lasted 00:06:48 (2819 turns).

Peloso the Covered (Minotaur Fighter)               Turns: 2819, Time: 00:06:49

Health: 0/61       AC:  8    Str: 19 (21) XL:     7   Next: 34%
Magic:  6/6        EV: 10    Int:  4 (5)  God:
Gold:   70         SH:  4    Dex:  9 (11) Spells: 6/6 levels left

rFire   . . .        a - +0 long sword
rCold   . . .        d - +0 buckler
rNeg    . . .        b - +0 scale mail
rPois   .            (helmet restricted)
rElec   .            (no cloak)
rCorr   .            (no gloves)
SInv    .            c - +0 pair of boots
Will    .....        (no amulet) Stlth
                     (no ring)
HPRegen 0.30/turn    (no ring)
MPRegen 0.10/turn

%: no passive effects
@: lethally poisoned (0 -> -4)
A: horns 2, retaliatory headbutt
a: no special abilities


You were on level 4 of the Dungeon.
You visited 1 branch of the dungeon, and saw 4 of its levels.

You collected 147 gold pieces.
You spent 77 gold pieces at shops.

Inventory:

Hand Weapons
 a - a +0 long sword (weapon)
Armour
 b - a +0 scale mail (worn)
 c - a +0 pair of boots (worn)
 d - a +0 buckler (worn)
Jewellery
 n - a +6 ring of dexterity
Wands
 e - a wand of flame (7)
Scrolls
 g - a scroll of fog
 h - 2 scrolls of enchant armour
 o - 2 scrolls of teleportation
 q - a scroll of immolation {unknown}
Potions
 f - 3 potions of flight
 i - a potion of might
 k - a potion of mutation
 m - a potion of lignification
 p - a potion of magic


   Skills:
 + Level 5.1 Fighting
 + Level 6.0 Long Blades
 + Level 6.1 Armour
 + Level 2.9 Dodging
 + Level 0.2 Stealth
 + Level 4.8 Shields


You had 6 spell levels left.
You didn't know any spells.
Your spell library was empty.

Dungeon Overview and Level Annotations

Branches:
Dungeon (4/15)
 Temple: D:4-7

Altars:

Shops:
D:1 (   D:4 **

Annotations:
D:4 Eustachio


Innate Abilities, Weirdness & Mutations

You have a pair of horns on your head.
You reflexively headbutt those who attack you in melee.


Message History

The river rat twitches its whiskers.
Eustachio misses you.
You closely miss Eustachio.
Eustachio is almost dead.
The bat closely misses you. You furiously retaliate!
You headbutt the bat.
You kill the bat!
The bat's corpse disappears in a puff of smoke!
The river rat bites you.
* * * LOW HITPOINT WARNING * * *
Eustachio gestures wildly while chanting.
Eustachio blinks!
The river rat attacks as you move away! The river rat barely misses you.
The bat hits you but does no damage. You block the bat's attack.
Eustachio gestures wildly while chanting.
The bat hits you but does no damage.
Eustachio gestures wildly while chanting.
The shadow imp hits you but does no damage.
Unknown command.
You closely miss Eustachio. Your headbutt misses Eustachio.
Eustachio is almost dead.
The shadow imp disappears in a puff of smoke!
The bat hits you but does no damage. The bat barely misses you.
The river rat barely misses you.
Eustachio hits you with a +2 rapier of venom.
* * * LOW HITPOINT WARNING * * *
You are lethally poisoned!
Unknown command.
You closely miss Eustachio.
You headbutt Eustachio, but do no damage.
Eustachio is almost dead.
* * * LOW HITPOINT WARNING * * *
You feel sick. The bat hits you but does no damage.
Eustachio gestures wildly while chanting.
Eustachio blinks!
The river rat bites you.
* * * LOW HITPOINT WARNING * * *
The white imp laughs crazily.
It was a potion of degeneration.
There was something very wrong with that liquid.
You feel weakened.
You feel dopey.
You feel clumsy.
You die...

.........#..... ... ####
#...@......... .>... ...
#...........# #....# #'#
#.#....##.###
##.....###.####......#..#
...@.#..#............†..#
#....$##..............####
#.....#..r...........)##.
#......5@b.....###.#.....
..##...55##........##.###.
##..<..##........##.. .#
...##...†..##..............
.......)##.##.$............
.#......#..##.........#.....
#.............).............
...........###........#..###
...........#.†......###


You could see Eustachio, a crimson imp (summoned), a river rat (summoned), a
white imp (summoned), a shadow imp (summoned) and a bat (summoned).

Vanquished Creatures
  Grinder (D:3)
  Sigmund (D:2)
  Pargi (D:3)
  An ogre (D:4)
  A jelly (D:4)
  Ijyb (D:4)
  2 adders
  2 worms
  2 orcs
  2 bats
  4 endoplasms
  3 giant cockroaches
  6 goblins
  11 hobgoblins
  7 jackals
  11 kobolds
  2 quokkas
  7 ball pythons
  5 frilled lizards
  5 rats
75 creatures vanquished.

Notes
Turn   | Place    | Note
-------+----------+-------------------------------------------
     0 | D:1      | Peloso the Minotaur Fighter began the quest for the Orb.
     0 | D:1      | Reached XP level 1. HP: 19/19 MP: 0/0
    97 | D:1      | Reached XP level 2. HP: 27/27 MP: 1/1
   251 | D:1      | Found Futiafar's Weapon Boutique.
   523 | D:2      | Reached XP level 3. HP: 33/33 MP: 2/2
   575 | D:2      | Noticed Sigmund
   782 | D:3      | Noticed Pargi
   804 | D:3      | Killed Pargi
   805 | D:3      | Reached skill level 1 in Dodging
   805 | D:3      | Reached XP level 4. HP: 4/41 MP: 3/3
  1039 | D:3      | Reached XP level 5. HP: 45/47 MP: 4/4
  1066 | D:3      | Noticed Grinder
  1119 | D:3      | Paralysed by Grinder for 5 turns
  1125 | D:3      | Killed Grinder
  1126 | D:3      | Reached skill level 5 in Long Blades
  1126 | D:3      | Reached skill level 5 in Armour
  1126 | D:3      | Reached XP level 6. HP: 16/53 MP: 5/5
  1506 | D:2      | Found a faded altar of an unknown god.
  1542 | D:2      | Killed Sigmund
  2109 | D:4      | Noticed Ijyb
  2125 | D:3      | Reached XP level 7. HP: 42/60 MP: 6/6
  2185 | D:4      | Reached skill level 5 in Fighting
  2258 | D:4      | Found Bami's General Store.
  2266 | D:4      | Bought a scroll of teleportation for 33 gold pieces
  2266 | D:4      | Bought a scroll of identify for 22 gold pieces
  2266 | D:4      | Bought a scroll of identify for 22 gold pieces
  2300 | D:4      | Killed Ijyb
  2575 | D:4      | Noticed Eustachio
  2590 | D:4      | Found Wodom's General Store.
  2808 | D:4      | HP: 3/61 [poisoned by Eustachio]
  2818 | D:4      | HP: 1/61 [river rat[Eustachio] (3)]
  2819 | D:4      | Succumbed to Eustachio's poison

Illustrated notes

Levels and vault maps discovered:
D:1:      saegor_arrival_under_anarchy, layout_rooms, serial_shops, shop
D:2:      layout_basic, ebering_ecumenical_altar_abandoned,
          minmay_misc_feat_nine_boxes, hex_tiny, uniq_sigmund
D:3:      layout_rooms, minmay_stone_trees_small, ebering_dispersal_statue_hall,
          minmay_fountain_box, uniq_grinder, uniq_pargi
D:4:      layout_cave_pools, vehumet_statue, gammafunk_temple_overflow_elements,
          serial_shops, shop, shop, shop, uniq_eustachio, uniq_ijyb

Skill      XL: |  1  2  3  4  5  6  7 |
---------------+----------------------+-----
Armour         | 4 5 6 |  6.1
Fighting       | 4 5 |  5.1
Long Blades    | 3 5 6 |  6.0
Dodging        | 1 2 |  2.9
Shields        | 4 |  4.8
Stealth        | |  0.2

Action                     |  1- 3 |  4- 6 |  7- 9 || total
---------------------------+-------+-------+-------++-------
  Melee: Long sword        |    89 |    61 |    94 ||   244
         Headbutt          |     9 |     7 |    18 ||    34
    Use: Potion            |     3 |     2 |     3 ||     8
         Scroll            |       |     4 |     3 ||     7
 Armour: Scale mail        |    71 |    30 |    65 ||   166
         Skin              |       |       |    42 ||    42
  Dodge: Dodged            |    66 |    42 |    78 ||   186
  Block: Buckler           |    23 |    21 |    47 ||    91
